 Dungeon Crawl Stone Soup version 0.24-a0-581-gc0fa660 (webtiles) character file.

Game seed: 234920584806777369

74 Bapo the Slasher (level 4, -5/35 HPs)
             Began as a Formicid Fighter on Aug 24, 2019.
             Slain by an orc
             ... wielding a +0 flail
              (7 damage)
             ... on level 3 of the Dungeon.
             The game lasted 00:05:31 (1647 turns).

Bapo the Slasher (Formicid Fighter)                 Turns: 1647, Time: 00:05:31

Health: -5/35      AC:  6    Str: 20    XL:     4   Next: 54%
Magic:  4/4        EV:  7    Int:  8    God:
Gold:   94         SH:  9    Dex: 11    Spells: 3/3 levels left

rFire    . . .     SeeInvis +   a - +1 long sword
rCold    . . .     Gourm    .   c - +0 shield
rNeg     . . .     Faith    .   b - +0 scale mail
rPois    .         Spirit   .   (helmet unavailable)
rElec    .         Reflect  .   (no cloak)
rCorr    .         Harm     .   (no gloves)
MR       +....                  (no boots)
Stlth    +.........             (no amulet)
HPRegen  0.11/turn              g - ring of stealth
MPRegen  0.09/turn              i - ring of protection from magic

@: no status effects
A: permanent stasis, dig shafts and tunnels, four strong arms, antennae 3
a: Dig, Shaft Self


You were on level 3 of the Dungeon.
You were not hungry.

You visited 1 branch of the dungeon, and saw 3 of its levels.

You collected 94 gold pieces.

Inventory:

Hand Weapons
 a - a +1 long sword (weapon)
 m - a +2 hand axe of electrocution
Armour
 b - a +0 scale mail (worn)
 c - a +0 shield (worn)
Jewellery
 g - a ring of stealth (left hand)
 i - a ring of protection from magic (right hand)
 j - an uncursed ring of fire
Scrolls
 h - a scroll of amnesia
Potions
 d - a potion of might
 e - 2 potions of brilliance
 k - a potion of curing {unknown}
Comestibles
 f - 2 rations
 l - 2 chunks of flesh


   Skills:
 - Level 3.2 Fighting
 + Level 4.4 Long Blades
 - Level 3.2 Armour
 - Level 3.6 Shields


You had 3 spell levels left.
You didn't know any spells.
Your spell library was empty.

Dungeon Overview and Level Annotations

Branches:
Dungeon (3/15)

Altars:


Innate Abilities, Weirdness & Mutations

You cannot be hasted, slowed, berserked, paralysed or teleported.
You can dig through walls and to a lower floor.
Your four strong arms can wield two-handed weapons with a shield.
You have a pair of large antennae on your head. (SInv)


Message History

The magic dart hits you.
* * * LOW HITPOINT WARNING * * *
You completely miss the orc wizard.
The orc wizard is severely wounded.
You block the orc wizard's attack. The orc hits you with a +0 flail.
* * * LOW HITPOINT WARNING * * *
You hit the orc wizard but do no damage.
The orc wizard is severely wounded.
You block the orc wizard's attack. The orc hits you with a +0 flail.
* * * LOW HITPOINT WARNING * * *
You hit the orc wizard but do no damage.
The orc wizard is severely wounded.
You hear the slow rusting of a distant drain.
The orc wizard hits you but does no damage.
The orc barely misses you.
You riposte.
You completely miss the orc. You block the orc wizard's attack.
You hit the orc wizard but do no damage.
The orc wizard is severely wounded.
The orc hits you with a +0 flail!
You die...

...## ###..?.+
.[#....#
.#######.....#
.............##
........... .#
.........# .##
#.##[)###..#
#.))...o@#
########o#
#.{..#.# #.##.#.#
#....#.#
#รทรท###.#
#..#...#
#######.<#.######.
........##.....[..


You could see an orc wizard (invisible) and an orc.

Vanquished Creatures
  An ooze (D:1)
  A worm (D:3)
  A dart slug (D:2)
  3 leopard geckos
  7 orcs (D:3)
  4 bats
  A giant cockroach (D:2)
  6 goblins
  10 hobgoblins
  5 frilled lizards
  9 kobolds
  6 rats
54 creatures vanquished.

Notes
Turn   | Place    | Note
-------+----------+-------------------------------------------
     0 | D:1      | Bapo the Formicid Fighter began the quest for the Orb.
     0 | D:1      | Reached XP level 1. HP: 18/18 MP: 1/1
    55 | D:1      | Reached XP level 2. HP: 22/24 MP: 2/2
   184 | D:1      | Reached skill level 3 in Long Blades
   272 | D:1      | Reached XP level 3. HP: 16/29 MP: 3/3
  1306 | D:2      | Reached skill level 4 in Long Blades
  1306 | D:2      | Reached XP level 4. HP: 28/35 MP: 4/4
  1647 | D:3      | Slain by an orc

Levels and vault maps discovered:
D:1:      moated_graveyard_arrival, layout_basic, serial_bayou_pond_e
D:2:      layout_basic
D:3:      lemuel_upstairs_altar, layout_basic,
          gammafunk_temple_overflow_elements, gup_sewer_entry_bowl,
          first_ration, amethyst_killhole

Skill      XL: |  1  2  3 |
---------------+----------+-----
Long Blades    | 3 4 |  4.4
Fighting       | |  3.2
Armour         | |  3.2
Shields        | |  3.6

Action                   |  1- 3 |  4- 6 || total
-------------------------+-------+-------++-------
Melee: Long sword        |   112 |    44 ||   156
  Use: Potion            |     3 |       ||     3
       Scroll            |     5 |     3 ||     8
  Eat: Chunk             |     1 |       ||     1
       Ration            |       |     1 ||     1
Armor: Scale mail        |    39 |     9 ||    48
Dodge: Dodged            |    23 |     6 ||    29
Block: Shield            |    65 |    21 ||    86
       Rpst.: Long sword |     6 |     4 ||    10

Table legend:
 A = Non-vault XP
 B = Vault XP
 C = Vault XP percentage of total XP
 D = Non-vault monster count
 E = Vault monster count
 F = Vault count percentage of total count
                 A         B        C        D         E       F
            +---------+---------+-------+---------+---------+-------
      Total |     107 |       0 |   0.0 |      54 |       0 |   0.0
            +---------+---------+-------+---------+---------+-------
        D:1 |      50 |       0 |   0.0 |      27 |       0 |   0.0
        D:2 |      27 |       0 |   0.0 |      15 |       0 |   0.0
        D:3 |      30 |       0 |   0.0 |      12 |       0 |   0.0
            +---------+---------+-------+---------+---------+-------
